AoeStats
← SLTD.NinjaXXCrowXX

Arena

510919153Analyzed
3v3 RM · 20h ago on Oct 3, 2026· 30m 59s· 6 players
Game mode
Random Map
Map size
Normal (6 player)
Population
200
Speed
Normal
Resources
Standard
Victory
Conquest
Starting age
Dark Age
Ending age
Imperial Age
RankedLock teamsTeams togetherTeam positionsShared explorationLock speedFull tech treeHidden civsTurbo modeCheats
Victory
Defeat
🇦🇷 Slavs · Argentina
1320
+15
🇨🇴 Poles · Colombia
1308
+16
🇺🇸 Bulgarians · United States
1259
+18
🇺🇸 Varangians · United States
1399
-21
🇨🇱 Britons · Chile
1319
-17
🇨🇱 Turks · Chile
1175
-11
RafaMath
10:19 Feudal Age
9:42 Loom
12:24 Fletching
13:34 Wheelbarrow
14:09 Town Watch
22:24 Double-Bit Axe
22:35 Stone Mining
26:20 Castle Age
24:27 Gold Mining
24:20 Horse Collar
27:25 Bodkin Arrow
28:24 Hand Cart
29:56 Bow Saw
ToTi
10:24 Feudal Age
12:22 Double-Bit Axe
12:37 Horse Collar
15:12 Castle Age
16:34 Bow Saw
21:41 Wheelbarrow
22:50 Loom
24:06 Gold Mining
24:50 Heavy Plow
26:22 Scale Mail Armor
28:56 Squires
29:44 Forging
LACOSA
1:21 Loom
11:23 Feudal Age
15:57 Castle Age
14:46 Double-Bit Axe
22:46 Scale Barding Armor
24:16 Chain Barding Armor
27:42 Bloodlines
Facuamu
10:29 Feudal Age
14:33 Castle Age
12:42 Horse Collar
13:13 Double-Bit Axe
14:08 Gold Mining
15:59 Wheelbarrow
15:24 Stone Mining
17:26 Heavy Plow
22:21 Loom
26:14 Imperial Age
24:07 Bloodlines
23:57 Husbandry
24:36 Town Watch
26:30 Hand Cart
26:15 Town Patrol
27:09 Town Patrol
28:54 Elite Boyar
30:37 Conscription
30:33 Detinets
SLTD.NinjaXXCrowXX
10:41 Feudal Age
15:05 Castle Age
13:09 Loom
15:12 Double-Bit Axe
16:28 Horse Collar
24:43 Wheelbarrow
28:46 Heavy Plow
31:22 Bow Saw
[IMGG]Poncho
5:47 Loom
8:26 Feudal Age
9:00 Double-Bit Axe
10:12 Fletching
14:21 Horse Collar
19:39 Gold Mining
23:16 Castle Age
25:22 Guard Tower
28:59 Imperial Age
26:48 Bow Saw
26:40 Heavy Plow
27:36 Scale Mail Armor
28:32 Chain Mail Armor
29:53 Wheelbarrow
30:14 Conscription
30:45 Forging
30:41 Squires
31:53 Crop Rotation
Connection lost

Rejoining the realm…

Still unreachable

The connection could not be restored.

Session expired

The server has moved on; the page needs a fresh start.